 Dungeon Crawl Stone Soup version 0.21-a0-221-gfe971b9 (webtiles) character file.

58 tidbits the Stinger (level 3, 0/26 HPs)
             Began as a Demigod Wanderer on Aug 27, 2017.
             Succumbed to a worker ant's poison
             ... on level 3 of the Dungeon.
             The game lasted 00:10:13 (1209 turns).

tidbits the Stinger (Demigod Wanderer)              Turns: 1209, Time: 00:10:14

Health: 0/26       AC:  2    Str: 14    XL:     3   Next: 52%
Magic:  9/9        EV: 11    Int: 22    God:
Gold:   39         SH:  4    Dex: 12    Spells: 4/7 levels left

rFire    . . .     SeeInvis .   a - +0 mace
rCold    . . .     Gourm    .   (no shield)
rNeg     . . .     Faith    .   d - +0 robe
rPois    .         Spirit   .   (no helmet)
rElec    .         Reflect  +   (no cloak)
rCorr    .         Harm     .   (no gloves)
MR       .....                  (no boots)
Stlth    +.........             q - +4 amulet of reflection
HPRegen  0.08/turn              (no ring)
MPRegen  0.11/turn              (no ring)

@: lethally poisoned (0 -> -9), hasted, very quick
A: high mp 1
a: no special abilities


You were on level 3 of the Dungeon.
You were not hungry.

You visited 1 branch of the dungeon, and saw 4 of its levels.

You collected 39 gold pieces.

Inventory:

Hand Weapons
 a - a +0 mace (weapon)
 e - a +0 club
 j - a +0 whip
 l - a +0 dagger
 n - a cursed -2 hunting sling
Missiles
 h - 20 sling bullets
Armour
 d - a +0 robe (worn)
 i - a cursed +0 scale mail
Jewellery
 q - a +4 amulet of reflection (around neck)
   (You found it on level 2 of the Dungeon)
Scrolls
 k - a scroll of identify
 r - a scroll of magic mapping {unknown}
 t - a scroll of fear {unknown}
 v - a scroll of blinking {unknown}
Potions
 m - a potion of flight
 s - 2 potions of resistance
Books
 b - the Papyrus of Flight

   Spells                             Type                      Level
   a - Swiftness                      Charms/Air                   2
   b - Poisonous Vapours              Poison/Air                   2
 c - the Catalogue of Toxins

   Spells                             Type                      Level
   a - Sting                          Conjuration/Poison           1
   b - Mephitic Cloud                 Conjuration/Poison/Air       3
 g - a Young Poisoner's Handbook

   Spells                             Type                      Level
   a - Sting                          Conjuration/Poison           1
   b - Poisonous Vapours              Poison/Air                   2
   c - Mephitic Cloud                 Conjuration/Poison/Air       3
   d - Olgreb's Toxic Radiance        Poison                       4
   e - Venom Bolt                     Conjuration/Poison           5
Comestibles
 f - 2 bread rations
 o - a meat ration
 p - a fruit


   Skills:
 - Level 1.7 Throwing
 + Level 2.6 Spellcasting
   Level 1.7 Translocations
   Level 1.7 Fire Magic
 * Level 3.0 Poison Magic


You had 4 spell levels left.
You knew the following spells:

 Your Spells              Type           Power        Failure   Level  Hunger
p - Poisonous Vapours     Pois/Air       #.....       11%         2    ##.....
z - Sting                 Conj/Pois      #...         7%          1    None


Dungeon Overview and Level Annotations

Branches:
Dungeon (4/15)
 Temple: D:4-7


Innate Abilities, Weirdness & Mutations

You have an increased reservoir of magic. (+10% MP)


Message History

Confirm with . or Enter, or press ? or * to list all spells.
Aiming: Poisonous Vapours
Press: ? - help, Dir - move target cursor, f/p - worm
Aim: a worm (almost dead, poisoned) Poisonous vapours surround the worm!
The worm is engulfed in poison gas.
The worm looks even sicker.
You kill the worm!
An orc comes into view. It is wielding a trident.
The orc shouts!
Found a scroll labeled HOUFOQI UMUGUSK.
A quokka comes into view.
There is a stone staircase leading up here.
You climb upwards.
There is a stone staircase leading down here.
You are feeling very hungry.
Found a scroll labeled XAM QERHE.
v - a scroll labeled XAM QERHE
Found a stone staircase leading up.
Found a stone staircase leading down.
An adder comes into view.
The adder hisses angrily.
Casting: Poisonous Vapours
Confirm with . or Enter, or press ? or * to list all spells.
Aiming: Poisonous Vapours
Press: ? - help, Dir - move target cursor, f - adder
Aim: an adder Poisonous vapours surround the adder!
The adder is engulfed in poison gas.
The adder is poisoned.
Casting: Poisonous Vapours
Confirm with . or Enter, or press ? or * to list all spells.
Aiming: Poisonous Vapours
Press: ? - help, Dir - move target cursor, f/p - adder
Aim: an adder (heavily wounded, poisoned) Poisonous vapours surround the adder!
The adder is engulfed in poison gas.
The adder looks even sicker.
You kill the adder!
Your Poison Magic skill increases to level 3!
There is a stone staircase leading up here.
You see here an adder corpse.
You butcher the adder corpse.
w - 2 chunks of flesh Eat one of 2 chunks of flesh? (ye/n/q)
You eat one of the 2 chunks of flesh.
This raw flesh tastes terrible.
There is a stone staircase leading up here.
You climb upwards.
There is a stone staircase leading down here.
You open the door.
There is an open door here.
Found an escape hatch in the floor.
You open the door.
A bat comes into view.
Casting: Poisonous Vapours
Confirm with . or Enter, or press ? or * to list all spells.
Aiming: Poisonous Vapours
Press: ? - help, Dir - move target cursor, f - bat
Aim: a bat Poisonous vapours surround the bat!
The bat is poisoned.
The bat closely misses you. You block the bat's attack.
You kill the bat!
You open the door.
There is an open door here.
There is an open door here.
There is an open door here.
There is a stone staircase leading down here.
You climb downwards.
There is a stone staircase leading up here.
There is a stone staircase leading down here.
Eating a chunk of flesh.
You eat the chunk of flesh.
This raw flesh tastes terrible.
There is a stone staircase leading down here.
You climb downwards.
A leopard gecko, a hound and 3 worker ants come into view.
The hound barks!
The worker ant twitches its antennae in your direction. x3
The leopard gecko hisses angrily.
You hear an angry hiss.
The worker ant waves its antennae.
The hound barely misses you.
The leopard gecko is sucked into a shaft!
The shaft crumbles and collapses.
The worker ant bites you! The hound bites you.
Found a whip and 20 stones.
There is a stone staircase leading up here.
The worker ant bites you!
* * * LOW HITPOINT WARNING * * *
You block the hound's attack. The worker ant bites you.
* * * LOW HITPOINT WARNING * * *
You are lethally poisoned!
The worker ant poisons you! The worker ant closely misses you.
You climb upwards.
* * * LOW HITPOINT WARNING * * *
You feel sick.
There is a stone staircase leading down here.
It was a potion of haste.
You feel yourself speed up. The hound misses you. The worker ant bites you.
* * * LOW HITPOINT WARNING * * *
The hound bites you.
* * * LOW HITPOINT WARNING * * *
The worker ant misses you.
You die...

#.######## #.#
#........# #.#
########.# ##.##
.############### #.#
#...###
.........<.....####.#
#......
############........#
#...### #.#.######
##### #.#.#
##@#.########
#h>a........#
#.#a........#
#...######..# #####
#..# #..#######
#......... #.########
#.#


You could see a hound and 2 worker ants.

Vanquished Creatures
  2 adders
  2 oozes
  A worm (D:4)
  A dart slug (D:1)
  4 bats
  2 hobgoblins (D:1)
  A frilled lizard (D:2)
  4 goblins
  7 kobolds
  6 rats
30 creatures vanquished.

Notes
Turn   | Place    | Note
-------+----------+-------------------------------------------
     0 | D:1      | tidbits the Demigod Wanderer began the quest for the Orb.
     0 | D:1      | tidbits set off with: a Young Poisoner's Handbook, the Papyrus of Flight, the Catalogue of Toxins, a +0 robe, a +0 club, a bread ration
     0 | D:1      | Reached XP level 1. HP: 14/14 MP: 5/5
     0 | D:1      | Identified the Papyrus of Flight
     0 | D:1      | Identified the Catalogue of Toxins
     2 | D:1      | Learned a level 1 spell: Sting
    64 | D:1      | Reached skill level 2 in Poison Magic
   159 | D:1      | Reached skill level 2 in Spellcasting
   194 | D:1      | Reached XP level 2. HP: 18/20 MP: 4/7
   594 | D:3      | Learned a level 2 spell: Poisonous Vapours
   731 | D:2      | Reached XP level 3. HP: 6/26 MP: 1/9
  1121 | D:3      | Reached skill level 3 in Poison Magic
  1207 | D:4      | Noticed a scorpion
  1208 | D:3      | HP: 2/26 [worker ant (4)]
  1209 | D:3      | Succumbed to a worker ant's poison

Vault maps used:
D:1:      sevenhm_arrival_forest_fort_large_4, grunt_decor_clamped
D:3:      first_bread, chequers_ecumenical_altar_simple_redux
D:4:      cheibrodos_ashenzari_chains

Skill      XL: |  1  2  3 |
---------------+----------+-----
Poison Magic   | 2 3 |  3.0
Spellcasting   | 2 |  2.6
Throwing       | |  1.7
Translocations | |  1.7
Fire Magic     | |  1.7

Action                   || total
-------------------------++-------
Melee: Mace              ||    20
       Club              ||     1
 Cast: Sting             ||    40
       Poisonous Vapours ||    10
  Use: Scroll            ||     2
       Potion            ||     1
  Eat: Chunk             ||     2
Armor: Robe              ||     3
Dodge: Dodged            ||    23
Block: Other             ||     5

Table legend:
 A = Spawn XP
 B = Non-spawn XP
 C = Spawn XP percentage of total XP
 D = Spawn monster count
 E = Non-spawn monster count
 F = Spawn count percentage of total count
 G = Total turns spent on level
                    A         B        C        D         E        F      G
               +---------+---------+-------+---------+---------+-------+---------
         Total |       1 |      83 |   1.2 |       1 |      29 |   3.3 |  1209
               +---------+---------+-------+---------+---------+-------+---------
           D:1 |       1 |      30 |   3.2 |       1 |      15 |   6.2 |   586
           D:2 |       0 |      30 |   0.0 |       0 |       9 |   0.0 |   343
           D:3 |       0 |      18 |   0.0 |       0 |       4 |   0.0 |   263
           D:4 |       0 |       5 |   0.0 |       0 |       1 |   0.0 |    17
               +---------+---------+-------+---------+---------+-------+---------

Table legend:
 A = Turns spent in this place as a percentage of turns spent in the entire game.
 B = Non-inter-level travel turns spent in this place as a percentage of non-inter-level travel turns spent in the entire game.
 C = Inter-level travel turns spent in this place as a percentage of turns spent in this place.
 D = Turns resting spent in this place as a percentage of non-inter-level travel turns spent in this place.
 E = Turns spent auto-exploring this place as a percentage of non-inter-level travel turns spent in this place.
 F = Non-inter-level travel turns spent in this place divided by the number of levels of this place that you've seen.
                   A       B       C       D       E      F
               +-------+-------+-------+-------+-------+----------------------
         Total | 100.0 | 100.0 |  12.6 |   0.0 |   0.0 | 264.2
       Dungeon | 100.0 | 100.0 |  12.6 |   0.0 |   0.0 | 264.2
               +-------+-------+-------+-------+-------+----------------------

Table legend:
 A = Kills in this place as a percentage of kills in entire the game.
 B = Kills by you in this place as a percentage of kills by you in the entire game.
 C = Kills by friends in this place as a percentage of kills by friends in the entire game.
 D = Other kills in this place as a percentage of other kills in the entire game.
 E = Experience gained in this place as a percentage of experience gained in the entire game.
 F = Experience gained in this place divided by the number of levels of this place that you have seen.
                   A       B       C       D       E      F
               +-------+-------+-------+-------+-------+----------------------
         Total | 100.0 | 100.0 |   N/A |   N/A | 100.0 |  21.0
       Dungeon | 100.0 | 100.0 |   N/A |   N/A | 100.0 |  21.0
               +-------+-------+-------+-------+-------+----------------------

Vault maps used:
D:1:      sevenhm_arrival_forest_fort_large_4, grunt_decor_clamped
D:3:      first_bread, chequers_ecumenical_altar_simple_redux
D:4:      cheibrodos_ashenzari_chains
